 Dungeon Crawl Stone Soup version 0.31-a0-210-gccc998df9b (webtiles) character file.

Game seed: 8520048420837079909

1064 Dittersdorf the Trooper (level 8, -9/51 HPs)
             Began as a Gargoyle Fighter on June 29, 2023.
             Was an Initiate of Okawaru.
             Mangled by Duvessa
             ... wielding a +0 short sword
              (14 damage)
             ... on level 5 of the Dungeon.
             The game lasted 00:06:05 (4041 turns).

Dittersdorf the Trooper (Gargoyle Fighter)          Turns: 4041, Time: 00:06:06

Health: -9/51      AC: 15    Str: 21    XL:     8   Next: 27%
Magic:  8/8        EV:  9    Int: 10    God:    Okawaru [......]
Gold:   187        SH:  5    Dex:  9    Spells: 7/7 levels left

rFire   + . .        a - +0 flail (venom)
rCold   + . .        c - +0 buckler
rNeg    + . .        b - +0 scale mail
rPois   ∞            m - +1 helmet
rElec   +            h - scarf {rC+ rF+}
rCorr   .            (no gloves)
SInv    .            (no boots)
Will    .....        (no amulet) Stlth
                     (no ring)
HPRegen 0.28/turn    (no ring)
MPRegen 0.11/turn

%: no passive effects
@: no status effects
A: sickness immunity, AC +5, negative energy resistance 1, electricity
resistance, torment resistance 1, petrification resistance
a: Renounce Religion


You were on level 5 of the Dungeon.
You worshipped Okawaru.
Okawaru was noncommittal.
You visited 2 branches of the dungeon, and saw 6 of its levels.
You also visited: Sewer.

You collected 187 gold pieces.

Inventory:

Hand Weapons
 a - a +0 flail of venom (weapon)
Missiles
 e - 7 poisoned darts
Armour
 b - a +0 scale mail (worn)
 c - a +0 buckler (worn)
 h - a scarf of resistance (worn)
 m - a +1 helmet (worn)
Scrolls
 i - 4 scrolls of fog
Potions
 d - a potion of might
 f - a potion of brilliance
 g - a potion of berserk rage
 j - a potion of invisibility
 n - a potion of curing


   Skills:
 + Level 6.1 Fighting
 + Level 5.0 Maces & Flails
 + Level 6.1 Armour
 + Level 6.1 Shields


You had 7 spell levels left.
You didn't know any spells.
Your spell library contained the following spells:

 Spells                   Type           Power      Damage    Failure   Level
 Poisonous Vapours        Pois/Air       0%         N/A       86%         2
 Mephitic Cloud           Conj/Pois/Air  0%         N/A       98%         3
 Freezing Cloud           Conj/Ice/Air   0%         6-21      100%        5


Dungeon Overview and Level Annotations

Branches:
Dungeon (5/15)             Temple (1/1) D:4           Sewer (visited)

Altars:
Ashenzari
Gozag
Kikubaaqudgha
Nemelex Xobeh
Okawaru
Yredelemnul
Lugonu

Annotations:
D:4 2 transporters, Dittersdorf's ghost, amateur GrFi
D:5 Duvessa


Innate Abilities, Weirdness & Mutations

You are immune to sickness and miasma.
Your stone body is resilient. (AC +5)
You are immune to poison.
You resist negative energy. (rN+)
You are resistant to electric shocks. (rElec)
You are resistant to unholy torment.
You are immune to petrification.


Message History

Duvessa goes berserk!
Duvessa rages.
You hit the ice beast but do no damage.
The ice beast hits you but does no damage.
You closely miss the ice beast.
The ice beast hits you but does no damage.
You barely miss the ice beast. Duvessa hits you with a +0 short sword!
You block the ice beast's attack.
You hit Duvessa.
Duvessa is lightly wounded.
Duvessa hits you with a +0 short sword! The ice beast hits you.
The ice beast freezes you. You resist. You block Duvessa's attack.
You hit Duvessa but do no damage.
Duvessa is lightly wounded.
You block Duvessa's attack.
The ice beast hits you but does no damage.
Duvessa hits you with a +0 short sword.
* * * LOW HITPOINT WARNING * * *
The ice beast completely misses you.
You closely miss Duvessa.
Duvessa is lightly wounded.
Duvessa hits you with a +0 short sword.
* * * LOW HITPOINT WARNING * * *
The ice beast hits you but does no damage.
You block Duvessa's attack. Duvessa attacks as you move away!
You block Duvessa's attack. Duvessa hits you with a +0 short sword.
* * * LOW HITPOINT WARNING * * *
Duvessa attacks as you move away! Duvessa closely misses you.
Duvessa attacks as you move away! Duvessa hits you with a +0 short sword.
* * * LOW HITPOINT WARNING * * *
The ice beast attacks as you move away!
The ice beast hits you but does no damage.
Found a potion of might.
You block Duvessa's attack. The ice beast attacks as you move away!
The ice beast completely misses you.
Duvessa rages.
Duvessa hits you with a +0 short sword.
* * * LOW HITPOINT WARNING * * *
You block the ice beast's attack. Duvessa hits you with a +0 short sword!
You die...

#.......................
#.......................
#####.......................
............................
##...[.####...............
#.....# #...............
#..###).#####........###+###
#......).....Y.......#
#.#####.....@e..........
#<).'.)....#+##'#.....
#####......# #.#......
+......+ ..######+ #......#
!# ###+#...> #.##.. ... . #.


You could see Duvessa (berserk) and an ice beast.

Vanquished Creatures
  Sigmund (D:3)
  A water moccasin (Sewer)
  2 ice beasts (D:4)
  A phantom (D:4)
  A scorpion (D:4)
  Dowan (D:5)
  A vampire bat (D:3)
  An orc priest (D:4)
  2 iguanas (D:4)
  2 orc wizards
  Robin (D:2)
  11 gnolls
  4 adders
  3 dart slugs
  2 worms
  8 orcs
  9 bats
  6 bat zombies (D:3)
  3 endoplasms
  3 giant cockroaches
  10 goblins
  9 hobgoblins
  7 jackals (D:2)
  3 quokkas
  5 ball pythons
  5 frilled lizards
  8 kobolds
  6 rats
116 creatures vanquished.

Notes
Turn   | Place    | Note
-------+----------+-------------------------------------------
     0 | D:1      | Dittersdorf the Gargoyle Fighter began the quest for the
                  | Orb.
     0 | D:1      | Reached XP level 1. HP: 14/14 MP: 1/1
   261 | D:1      | Reached XP level 2. HP: 19/19 MP: 2/2
  1002 | D:2      | Reached XP level 3. HP: 20/23 MP: 3/3
  1624 | D:2      | Noticed Robin
  1669 | D:2      | Killed Robin
  1670 | D:2      | Reached XP level 4. HP: 11/29 MP: 4/4
  1834 | D:3      | Noticed Sigmund
  1849 | D:3      | Killed Sigmund
  1850 | D:3      | Reached XP level 5. HP: 26/34 MP: 5/5
  1850 | D:3      | Reached XP level 6. HP: 30/39 MP: 6/6
  2583 | D:3      | Found an ancient bone altar of Kikubaaqudgha.
  2591 | D:3      | Reached skill level 5 in Armour
  2647 | D:3      | Reached skill level 5 in Shields
  2671 | D:3      | Reached skill level 5 in Fighting
  3098 | D:4      | Found a glowing drain.
  3117 | D:4      | Reached XP level 7. HP: 41/44 MP: 7/7
  3140 | Sewer    | Entered a sewer
  3410 | D:4      | Found a staircase to the Ecumenical Temple.
  3420 | Temple   | Entered the Ecumenical Temple
  3433 | Temple   | Became a worshipper of Warmaster Okawaru
  3497 | D:4      | Found a transporter.
  3514 | D:4      | Found a transporter.
  3553 | D:4      | Identified the +4 halberd of Dozis {chaos, rCorr}
  3600 | D:4      | Noticed Dittersdorf's ghost (amateur GrFi)
  3767 | D:5      | Entered Level 5 of the Dungeon
  3778 | D:5      | Noticed Dowan
  3793 | D:4      | Reached XP level 8. HP: 24/51 MP: 8/8
  3997 | D:4      | Reached skill level 5 in Maces & Flails
  4004 | D:5      | Killed Dowan
  4026 | D:5      | Noticed Duvessa
  4041 | D:5      | Mangled by Duvessa

Illustrated notes

Levels and vault maps discovered:
D:1:      dpeg_chamrin_arrival_tetris, layout_basic
D:2:      layout_basic, uniq_robin
D:3:      layout_rooms, kennysheep_vampire_church, bh_walls_and_bars,
          uniq_sigmund
D:4:      layout_loops_ring, minmay_temple_entry_hall,
          cheibrodos_sewer_entry_drain, gammafunk_ghost_gnarly_gnolls
D:5:      layout_basic, cheibrodos_gnoll_hut, uniq_duvessa
Temple:   corrupted_temple

Skill      XL: |  1  2  3  4  5  6  7  8 |
---------------+-------------------------+-----
Armour         | 4 5 6 |  6.1
Fighting       | 4 5 6 |  6.1
Maces & Flails | 3 4 5 |  5.0
Shields        | 4 5 6 |  6.1

Action                     |  1- 3 |  4- 6 |  7- 9 || total
---------------------------+-------+-------+-------++-------
  Melee: Flail             |   136 |   195 |    90 ||   421
    Use: Scroll            |       |     8 |     5 ||    13
 Armour: Scale mail        |    81 |   162 |    59 ||   302
  Dodge: Dodged            |    69 |   121 |    35 ||   225
  Block: Buckler           |    30 |    47 |    32 ||   109

Table legend: (Time is in decaauts)
 A = Elapsed time spent in this place.
 B = Non-inter-level travel time spent in this place.
 C = Inter-level travel time spent in this place.
 D = Time resting spent in this place.
 E = Time spent auto-exploring this place.
 F = Levels seen in this place.
 G = Mean time per level.
                   A        B        C        D        E       F      G
               +--------+--------+--------+--------+--------+-----+--------+
         Total |   4162 |   4028 |    134 |    477 |   2440 |   7 |  594.6 |
       Dungeon |   4040 |   3918 |    122 |    477 |   2379 |   5 |  808.0 |
        Temple |     26 |     14 |     12 |      0 |      5 |   1 |   26.0 |
         Sewer |     95 |     95 |      0 |      0 |     56 |   1 |   95.0 |
               +--------+--------+--------+--------+--------+-----+--------+

Top non-repeatable levels by time:
     D:2: 1283 daAuts
     D:3: 918 daAuts
     D:4: 881 daAuts
     D:1: 861 daAuts
     D:5: 95 daAuts
   Sewer: 95 daAuts
  Temple: 26 daAuts
